cohdb
Replays
Latest Replays
All Replays
Popular Replays
Top Player Replays
Match Explorer
How It Works
Community
CoH3 Stats
Reddit
Sign in to upload your games and track your stats! →
Sign in with Steam
Match 46742551
Unlisted
Match 46742551
Overview
Messages
Build Orders
End
250 Light Carrier
Selects Italian Infantry
Selects Italian Infantry
Selects Italian Infantry
Selects Italian Infantry
Selects Italian Infantry
Panzergrenadier Squad
Panzergrenadier Squad
Construct Light Support Kompanie
Combat Half-tracks
Selects Defensive Operations
Advanced Field Repairs
Fire Support Elements
2.5-tonne Medical Truck
Selects Territory Booby Traps
2.5-tonne Medical Truck
Selects Guastatori Squad
Vehicle Survival Package
Guastatori Squad
Selects Registered Artillery
Registered Artillery
Construct Mechanized Kompanie
Marder III Tank Destroyer
Selects Prepared Positions
Marder III Tank Destroyer
智空
changluo
HeroScope
Hy
dl5277
anioki
Sky Blues
爹
0
0
Comments
sign in to comment!
No comments posted yet!